[ AOE2 MATCH · #481560580 ]
UnrankedPersians vs Ethiopians
[ REPLAY ANALYSIS · EXTRACTED FROM THE RECORDED GAME ]
Feudal
—
Castle
—
Imperial
—
| APM avg | 21.0 |
| APM peak | 151 |
| eAPM avg | 20.2 |
| Villagers / military | 126 / 888 |
Focus
⚔️ 28.7% · 🌾 71.3%
Camel Scout ×398 · Knight ×250 · War Elephant ×190 · Trade Cart ×100 · Cavalry Archer ×40 · Mangonel ×10
Feudal
—
Castle
—
Imperial
—
| APM avg | 15.8 |
| APM peak | 70 |
| eAPM avg | 14.4 |
| Villagers / military | 130 / 1091 |
Focus
⚔️ 66.1% · 🌾 33.9%
Shotel Warrior ×673 · Scorpion ×318 · Archer ×45 · Trade Cart ×45 · Trebuchet (Packed) ×40 · Mangonel ×15
Feudal
—
Castle
—
Imperial
—
| APM avg | 23.8 |
| APM peak | 128 |
| eAPM avg | 23.2 |
| Villagers / military | 116 / 1548 |
Focus
⚔️ 31.6% · 🌾 68.4%
Jaguar Warrior ×707 · Eagle Scout ×344 · Militia ×285 · Archer ×140 · Mangonel ×72 · Trade Cart ×72
Feudal
—
Castle
—
Imperial
—
| APM avg | 16.3 |
| APM peak | 115 |
| eAPM avg | 16.1 |
| Villagers / military | 134 / 338 |
Focus
⚔️ 49.7% · 🌾 50.3%
War Elephant ×244 · Trade Cart ×49 · Knight ×45 · Bombard Cannon ×41 · Monk ×8
Feudal
—
Castle
—
Imperial
—
| APM avg | 24.7 |
| APM peak | 81 |
| eAPM avg | 23.8 |
| Villagers / military | 138 / 419 |
Focus
⚔️ 48.9% · 🌾 51.1%
Bombard Cannon ×242 · Mangonel ×122 · Trade Cart ×78 · Trebuchet (Packed) ×34 · Knight ×16 · Monk ×5
Feudal
—
Castle
—
Imperial
—
| APM avg | 22.0 |
| APM peak | 47 |
| eAPM avg | 15.7 |
| Villagers / military | 137 / 711 |
Focus
⚔️ 39.1% · 🌾 60.9%
Mangonel ×565 · Woad Raider ×106 · Trade Cart ×102 · Scorpion ×20 · Battering Ram ×20
Match map
Initial resources + every placement click. Lines = walls · curves = elevation contours. ◆ gold · ⬟ stone · ● berries · ✦ relic · ◌ wall gap
Your base· ✓ Closed at 12:00 · 33t walls · 4 gate(s)
SisKoe01's base· ✓ Closed at 12:00 · 60t walls · 1 gate(s)
G00NRYDER's base· ✓ Closed at 12:00 · 40t walls · 2 gate(s)
leoribeiro050310's base· ✓ Closed at 12:00 · 0t walls · no gate
doubleblackeye's base· ✓ Closed at 12:00 · 0t walls · no gate
miodixmios's base· ✓ Closed at 12:00 · 0t walls · no gate
Smoothed initial terrain · ◌ = detected wall gap · hover for details
Inputs per minute
— FROSTB|TE - - SisKoe01
Build order — FROSTB|TE
First 150 of 432 actions detected
| 0:08 | Build | Town Center |
| 0:12 | Build | Town Center |
| 0:17 | Build | Town Center |
| 0:20 | Create | Villager (Male) ×5 |
| 0:20 | Create | Villager (Male) ×5 |
| 0:20 | Create | Villager (Male) ×5 |
| 0:21 | Create | Villager (Male) ×5 |
| 1:01 | Build | Town Center |
| 1:27 | Build | Town Center |
| 1:35 | Build | Town Center |
| 1:42 | Build | Town Center |
| 1:48 | Build | Town Center |
| 1:57 | Build | Town Center |
| 3:09 | Build | Stone Wall |
| 3:14 | Build | Gate |
| 3:15 | Build | Gate |
| 3:18 | Build | Gate |
| 3:23 | Build | Gate |
| 3:35 | Create | Villager (Male) ×5 |
| 3:35 | Create | Villager (Male) ×5 |
| 3:35 | Create | Villager (Male) ×5 |
| 3:36 | Create | Villager (Male) ×5 |
| 3:36 | Create | Villager (Male) ×5 |
| 3:36 | Create | Villager (Male) ×5 |
| 3:37 | Create | Villager (Male) ×5 |
| 3:37 | Create | Villager (Male) ×5 |
| 3:37 | Create | Villager (Male) ×5 |
| 3:38 | Create | Villager (Male) ×5 |
| 3:38 | Create | Villager (Male) ×5 |
| 3:38 | Create | Villager (Male) ×5 |
| 3:38 | Create | Villager (Male) ×5 |
| 3:39 | Create | Villager (Male) ×5 |
| 3:39 | Create | Villager (Male) ×5 |
| 3:39 | Create | Villager (Male) ×5 |
| 3:39 | Create | Villager (Male) ×5 |
| 3:40 | Create | Villager (Male) ×5 |
| 3:44 | Create | Villager (Male) ×5 |
| 3:59 | Build | Market |
| 4:16 | Build | Market |
| 4:17 | Build | Market |
| 4:19 | Build | Market |
| 4:21 | Build | Market |
| 4:22 | Build | Market |
| 4:24 | Build | Market |
| 4:26 | Build | Market |
| 4:27 | Build | Market |
| 4:32 | Build | Market |
| 4:34 | Build | Market |
| 4:48 | Build | House |
| 4:50 | Build | House |
| 4:51 | Build | House |
| 4:52 | Build | House |
| 4:53 | Build | House |
| 4:57 | Build | House |
| 4:58 | Build | House |
| 4:59 | Build | House |
| 5:00 | Build | House |
| 5:01 | Build | House |
| 5:03 | Build | House |
| 5:05 | Build | House |
| 5:07 | Build | House |
| 5:19 | Build | House |
| 5:21 | Build | House |
| 5:23 | Build | House |
| 5:24 | Build | House |
| 5:26 | Build | House |
| 5:28 | Build | House |
| 5:29 | Build | House |
| 6:06 | Build | Castle |
| 6:07 | Build | Castle |
| 6:12 | Build | Castle |
| 6:19 | Build | Castle |
| 6:23 | Build | Castle |
| 6:27 | Build | Castle |
| 6:35 | Build | Castle |
| 6:50 | Build | Farm |
| 6:51 | Build | Farm |
| 6:53 | Build | Farm |
| 6:59 | Build | Farm |
| 7:00 | Build | Farm |
| 7:02 | Build | Farm |
| 7:04 | Build | Farm |
| 7:06 | Build | Farm |
| 7:26 | Build | Lumber Camp |
| 7:32 | Build | Lumber Camp |
| 8:18 | Create | Trade Cart ×5 |
| 8:19 | Create | Trade Cart ×5 |
| 8:19 | Create | Trade Cart ×5 |
| 8:19 | Create | Trade Cart ×5 |
| 8:20 | Create | Trade Cart ×5 |
| 8:20 | Create | Trade Cart ×5 |
| 8:20 | Create | Trade Cart ×5 |
| 8:21 | Create | Trade Cart ×5 |
| 8:21 | Create | Trade Cart ×5 |
| 8:21 | Create | Trade Cart ×5 |
| 8:22 | Create | Trade Cart ×5 |
| 8:22 | Create | Trade Cart ×5 |
| 8:22 | Create | Trade Cart ×5 |
| 8:23 | Create | Trade Cart ×5 |
| 8:23 | Create | Trade Cart ×5 |
| 8:23 | Create | Trade Cart ×5 |
| 8:25 | Create | Trade Cart ×5 |
| 8:26 | Create | Trade Cart ×5 |
| 8:27 | Create | Trade Cart ×5 |
| 8:28 | Create | Trade Cart ×5 |
| 9:11 | Build | Stone Wall |
| 9:49 | Build | House |
| 9:50 | Build | House |
| 9:52 | Build | House |
| 9:54 | Build | House |
| 9:56 | Build | House |
| 9:57 | Build | House |
| 9:58 | Build | House |
| 9:59 | Build | House |
| 10:00 | Build | House |
| 10:01 | Build | House |
| 10:03 | Build | House |
| 10:11 | Build | Farm |
| 10:12 | Build | Farm |
| 10:14 | Build | Farm |
| 10:17 | Build | Farm |
| 10:19 | Build | Farm |
| 10:21 | Build | Farm |
| 10:23 | Build | Farm |
| 10:27 | Build | Farm |
| 10:28 | Build | Farm |
| 10:30 | Build | Farm |
| 10:32 | Build | Farm |
| 10:36 | Build | Farm |
| 10:38 | Build | Farm |
| 10:39 | Build | Farm |
| 10:41 | Build | Farm |
| 10:42 | Build | Farm |
| 10:44 | Build | Farm |
| 10:46 | Build | Farm |
| 10:49 | Build | Farm |
| 10:50 | Build | Farm |
| 10:53 | Build | Farm |
| 10:56 | Build | Farm |
| 10:58 | Build | Farm |
| 11:03 | Build | Farm |
| 11:04 | Build | Farm |
| 11:06 | Build | Farm |
| 11:07 | Build | Farm |
| 11:11 | Build | Farm |
| 11:36 | Build | Farm |
| 11:37 | Build | Farm |
| 11:38 | Build | Farm |
| 11:40 | Build | Farm |
| 11:41 | Build | Farm |
Build order — SisKoe01
First 150 of 520 actions detected
| 0:14 | Build | Town Center |
| 0:16 | Build | Town Center |
| 0:17 | Build | Town Center |
| 0:17 | Build | Town Center |
| 0:19 | Build | Town Center |
| 0:19 | Build | Town Center |
| 0:44 | Build | Stone Wall |
| 1:28 | Create | Villager (Male) ×5 |
| 1:28 | Create | Villager (Male) ×5 |
| 1:29 | Create | Villager (Male) ×5 |
| 2:04 | Build | House |
| 2:04 | Build | House |
| 2:04 | Build | House |
| 2:04 | Build | House |
| 2:05 | Build | House |
| 2:05 | Build | House |
| 2:05 | Build | House |
| 2:05 | Build | House |
| 2:06 | Build | House |
| 2:06 | Build | House |
| 2:06 | Build | House |
| 2:07 | Build | House |
| 2:07 | Build | House |
| 2:07 | Build | House |
| 2:08 | Build | House |
| 2:08 | Build | House |
| 2:08 | Build | House |
| 2:09 | Build | House |
| 2:09 | Build | House |
| 2:10 | Build | House |
| 2:14 | Build | House |
| 2:14 | Build | House |
| 2:15 | Build | House |
| 2:15 | Build | House |
| 2:16 | Build | House |
| 2:17 | Build | House |
| 2:18 | Build | House |
| 2:19 | Build | House |
| 2:20 | Build | House |
| 2:21 | Build | House |
| 2:23 | Build | House |
| 2:25 | Build | House |
| 2:26 | Build | House |
| 4:03 | Create | Villager (Male) ×5 |
| 4:03 | Create | Villager (Male) ×5 |
| 4:04 | Create | Villager (Male) ×5 |
| 4:04 | Create | Villager (Male) ×5 |
| 4:04 | Create | Villager (Male) ×5 |
| 4:05 | Create | Villager (Male) ×5 |
| 4:05 | Create | Villager (Male) ×5 |
| 4:05 | Create | Villager (Male) ×5 |
| 4:06 | Create | Villager (Male) ×5 |
| 4:06 | Create | Villager (Male) ×5 |
| 4:06 | Create | Villager (Male) ×5 |
| 4:07 | Create | Villager (Male) ×5 |
| 4:07 | Create | Villager (Male) ×5 |
| 4:07 | Create | Villager (Male) ×5 |
| 4:49 | Build | Castle |
| 4:51 | Build | Castle |
| 4:52 | Build | Castle |
| 4:52 | Build | Castle |
| 4:53 | Build | Castle |
| 4:56 | Build | Castle |
| 4:56 | Build | Castle |
| 4:57 | Build | Castle |
| 4:57 | Build | Castle |
| 4:58 | Build | Castle |
| 4:58 | Build | Castle |
| 4:59 | Build | Castle |
| 5:00 | Build | Castle |
| 5:04 | Build | Castle |
| 5:04 | Build | Castle |
| 5:05 | Build | Castle |
| 6:36 | Build | Market |
| 6:39 | Build | Market |
| 6:44 | Build | Market |
| 7:03 | Build | Farm |
| 7:04 | Build | Farm |
| 7:05 | Build | Farm |
| 7:05 | Build | Farm |
| 7:05 | Build | Farm |
| 7:06 | Build | Farm |
| 7:06 | Build | Farm |
| 7:06 | Build | Farm |
| 7:07 | Build | Farm |
| 7:08 | Build | Farm |
| 7:08 | Build | Farm |
| 7:11 | Build | Farm |
| 7:12 | Build | Farm |
| 7:12 | Build | Farm |
| 7:12 | Build | Farm |
| 7:13 | Build | Farm |
| 7:14 | Build | Farm |
| 7:14 | Build | Farm |
| 7:14 | Build | Farm |
| 7:15 | Build | Farm |
| 7:15 | Build | Farm |
| 7:26 | Build | Mill |
| 7:36 | Build | Mill |
| 7:44 | Build | Mill |
| 8:07 | Create | Trade Cart ×5 |
| 8:08 | Create | Trade Cart ×5 |
| 8:08 | Create | Trade Cart ×5 |
| 8:08 | Create | Trade Cart ×5 |
| 8:09 | Create | Trade Cart ×5 |
| 8:09 | Create | Trade Cart ×5 |
| 8:09 | Create | Trade Cart ×5 |
| 8:10 | Create | Trade Cart ×5 |
| 8:10 | Create | Trade Cart ×5 |
| 9:14 | Build | Gate |
| 9:52 | Build | Mining Camp |
| 10:05 | Build | Farm |
| 10:05 | Build | Farm |
| 10:06 | Build | Farm |
| 10:06 | Build | Farm |
| 10:06 | Build | Farm |
| 10:06 | Build | Farm |
| 10:07 | Build | Farm |
| 10:07 | Build | Farm |
| 10:07 | Build | Farm |
| 10:08 | Build | Farm |
| 10:08 | Build | Farm |
| 10:09 | Build | Farm |
| 10:09 | Build | Farm |
| 10:09 | Build | Farm |
| 10:11 | Build | Farm |
| 10:13 | Build | Farm |
| 10:13 | Build | Farm |
| 10:14 | Build | Farm |
| 10:14 | Build | Farm |
| 10:32 | Build | Lumber Camp |
| 11:36 | Build | Siege Workshop |
| 11:43 | Build | Siege Workshop |
| 11:44 | Build | Siege Workshop |
| 11:46 | Build | Siege Workshop |
| 11:49 | Build | Siege Workshop |
| 11:56 | Build | Siege Workshop |
| 12:28 | Create | Villager (Male) ×5 |
| 12:29 | Create | Villager (Male) ×5 |
| 12:29 | Create | Villager (Male) ×5 |
| 12:29 | Create | Villager (Male) ×5 |
| 12:30 | Create | Villager (Male) ×5 |
| 12:30 | Create | Villager (Male) ×5 |
| 12:30 | Create | Villager (Male) ×5 |
| 12:31 | Create | Villager (Male) ×5 |
| 12:32 | Create | Villager (Male) ×5 |
| 14:16 | Build | Archery Range |
| 14:17 | Build | Archery Range |
| 14:18 | Build | Archery Range |
| 14:19 | Build | Archery Range |
Build order — G00NRYDER
First 150 of 712 actions detected
| 0:15 | Build | Town Center |
| 0:17 | Build | Town Center |
| 0:40 | Build | Stone Wall |
| 1:03 | Create | Villager (Male) ×15 |
| 1:04 | Create | Villager (Male) ×5 |
| 1:18 | Create | Villager (Male) ×15 |
| 1:18 | Create | Villager (Male) ×5 |
| 1:34 | Build | House |
| 1:34 | Build | House |
| 1:35 | Build | House |
| 1:35 | Build | House |
| 1:35 | Build | House |
| 1:36 | Build | House |
| 1:36 | Build | House |
| 1:37 | Build | House |
| 1:37 | Build | House |
| 1:37 | Build | House |
| 1:38 | Build | House |
| 1:38 | Build | House |
| 1:38 | Build | House |
| 1:39 | Build | House |
| 1:39 | Build | House |
| 1:42 | Build | House |
| 1:43 | Build | House |
| 1:43 | Build | House |
| 1:44 | Build | House |
| 1:44 | Build | House |
| 1:44 | Build | House |
| 1:45 | Build | House |
| 1:45 | Build | House |
| 1:45 | Build | House |
| 1:46 | Build | House |
| 1:46 | Build | House |
| 1:47 | Build | House |
| 1:47 | Build | House |
| 1:47 | Build | House |
| 1:48 | Build | House |
| 1:48 | Build | House |
| 1:49 | Build | House |
| 1:49 | Build | House |
| 1:50 | Build | House |
| 1:50 | Build | House |
| 1:51 | Build | House |
| 1:55 | Build | House |
| 1:55 | Build | House |
| 1:58 | Build | House |
| 1:59 | Build | House |
| 2:00 | Build | House |
| 2:00 | Build | House |
| 2:01 | Build | House |
| 2:01 | Build | House |
| 2:02 | Build | House |
| 2:10 | Create | Villager (Male) ×5 |
| 2:11 | Create | Villager (Male) ×5 |
| 2:11 | Create | Villager (Male) ×5 |
| 2:11 | Create | Villager (Male) ×4 |
| 2:24 | Build | Mining Camp |
| 2:53 | Build | Castle |
| 2:56 | Build | Castle |
| 3:03 | Build | Castle |
| 3:09 | Build | Castle |
| 3:12 | Build | Castle |
| 3:17 | Build | Castle |
| 3:31 | Create | Villager (Male) ×5 |
| 3:32 | Create | Villager (Male) ×5 |
| 3:32 | Create | Villager (Male) ×4 |
| 3:33 | Create | Villager (Male) |
| 3:33 | Create | Villager (Male) |
| 3:57 | Build | Lumber Camp |
| 4:09 | Create | Villager (Male) ×3 |
| 4:12 | Create | Villager (Male) |
| 4:12 | Create | Villager (Male) |
| 4:33 | Build | Market |
| 4:35 | Build | Market |
| 5:01 | Build | Gate |
| 5:37 | Build | Gate |
| 6:58 | Build | House |
| 6:59 | Build | House |
| 7:00 | Build | House |
| 7:00 | Build | House |
| 7:01 | Build | House |
| 7:01 | Build | House |
| 7:02 | Build | House |
| 7:03 | Build | House |
| 7:03 | Build | House |
| 7:04 | Build | House |
| 7:10 | Build | House |
| 7:11 | Build | House |
| 7:11 | Build | House |
| 7:11 | Build | House |
| 7:12 | Build | House |
| 7:14 | Build | House |
| 7:14 | Build | House |
| 7:15 | Build | House |
| 7:16 | Build | House |
| 8:01 | Build | Castle |
| 8:21 | Create | Villager (Male) ×5 |
| 8:21 | Create | Villager (Male) ×5 |
| 8:22 | Create | Villager (Male) ×5 |
| 8:22 | Create | Villager (Male) ×5 |
| 8:22 | Create | Villager (Male) ×5 |
| 8:23 | Create | Villager (Male) ×5 |
| 8:23 | Create | Villager (Male) ×5 |
| 8:23 | Create | Villager (Male) |
| 9:49 | Build | Siege Workshop |
| 9:51 | Build | Siege Workshop |
| 9:53 | Build | Siege Workshop |
| 9:58 | Build | Siege Workshop |
| 10:00 | Build | Siege Workshop |
| 10:37 | Build | Archery Range |
| 10:38 | Build | Archery Range |
| 10:38 | Build | Archery Range |
| 10:38 | Build | Archery Range |
| 10:40 | Build | Archery Range |
| 10:40 | Build | Archery Range |
| 11:06 | Build | Farm |
| 11:06 | Build | Farm |
| 11:06 | Build | Farm |
| 11:06 | Build | Farm |
| 11:06 | Build | Farm |
| 11:08 | Build | Farm |
| 11:08 | Build | Farm |
| 11:08 | Build | Farm |
| 11:08 | Build | Farm |
| 11:08 | Build | Farm |
| 11:08 | Build | Farm |
| 11:08 | Build | Farm |
| 11:08 | Build | Farm |
| 11:09 | Build | Farm |
| 11:09 | Build | Farm |
| 11:09 | Build | Farm |
| 11:09 | Build | Farm |
| 11:10 | Build | Farm |
| 11:10 | Build | Farm |
| 11:10 | Build | Farm |
| 11:10 | Build | Farm |
| 11:11 | Build | Farm |
| 11:11 | Build | Farm |
| 11:11 | Build | Farm |
| 11:11 | Build | Farm |
| 11:11 | Build | Farm |
| 11:11 | Build | Farm |
| 11:12 | Build | Farm |
| 11:12 | Build | Farm |
| 11:12 | Build | Farm |
| 11:12 | Build | Farm |
| 11:12 | Build | Farm |
| 11:12 | Build | Farm |
| 11:12 | Build | Farm |
| 11:13 | Build | Farm |
Build order — leoribeiro050310
First 150 of 685 actions detected
| 0:57 | Create | Villager (Male) |
| 0:57 | Create | Villager (Male) |
| 0:58 | Create | Villager (Male) |
| 0:58 | Create | Villager (Male) |
| 0:58 | Create | Villager (Male) |
| 0:59 | Create | Villager (Male) |
| 0:59 | Create | Villager (Male) |
| 0:59 | Create | Villager (Male) |
| 1:00 | Create | Villager (Male) |
| 1:00 | Create | Villager (Male) |
| 1:00 | Create | Villager (Male) |
| 1:00 | Create | Villager (Male) |
| 1:01 | Create | Villager (Male) |
| 1:01 | Create | Villager (Male) |
| 1:01 | Create | Villager (Male) |
| 1:02 | Create | Villager (Male) |
| 1:02 | Create | Villager (Male) |
| 1:11 | Build | Monastery |
| 1:25 | Build | Mill |
| 1:42 | Build | House |
| 1:42 | Build | House |
| 1:43 | Build | House |
| 1:43 | Build | House |
| 1:44 | Build | House |
| 1:45 | Build | House |
| 1:45 | Build | House |
| 1:45 | Build | House |
| 1:45 | Build | House |
| 1:46 | Build | House |
| 1:46 | Build | House |
| 1:47 | Build | House |
| 1:47 | Build | House |
| 1:47 | Build | House |
| 1:48 | Build | House |
| 1:49 | Build | House |
| 1:49 | Build | House |
| 1:51 | Build | House |
| 1:51 | Build | House |
| 1:52 | Build | House |
| 1:53 | Build | House |
| 1:54 | Build | House |
| 1:54 | Build | House |
| 1:55 | Build | House |
| 1:57 | Build | House |
| 1:58 | Build | House |
| 1:58 | Build | House |
| 1:59 | Build | House |
| 1:59 | Build | House |
| 2:02 | Build | House |
| 2:02 | Build | House |
| 2:03 | Build | House |
| 2:03 | Build | House |
| 2:03 | Build | House |
| 2:04 | Build | House |
| 2:04 | Build | House |
| 2:05 | Build | House |
| 2:05 | Build | House |
| 2:06 | Build | House |
| 2:06 | Build | House |
| 2:07 | Build | House |
| 2:08 | Build | House |
| 2:08 | Build | House |
| 2:09 | Build | House |
| 2:09 | Build | House |
| 2:10 | Build | House |
| 2:13 | Build | House |
| 2:13 | Build | House |
| 2:14 | Build | House |
| 2:14 | Build | House |
| 2:15 | Build | House |
| 2:17 | Build | House |
| 2:17 | Build | House |
| 2:31 | Create | Monk |
| 2:31 | Create | Monk |
| 2:32 | Create | Monk |
| 2:34 | Create | Monk |
| 2:34 | Create | Monk |
| 2:35 | Create | Monk |
| 2:35 | Create | Monk |
| 2:36 | Create | Monk |
| 2:57 | Build | Farm |
| 3:12 | Build | Farm |
| 3:17 | Build | Farm |
| 3:57 | Build | Farm |
| 4:04 | Build | Farm |
| 4:09 | Build | Farm |
| 4:16 | Create | Villager (Male) |
| 4:16 | Create | Villager (Male) |
| 4:16 | Create | Villager (Male) |
| 4:16 | Create | Villager (Male) |
| 4:16 | Create | Villager (Male) |
| 4:16 | Create | Villager (Male) |
| 4:16 | Create | Villager (Male) |
| 4:17 | Create | Villager (Male) |
| 4:17 | Create | Villager (Male) |
| 4:18 | Create | Villager (Male) |
| 4:28 | Build | Farm |
| 6:21 | Build | Farm |
| 6:28 | Build | Farm |
| 6:39 | Build | Market |
| 6:49 | Build | Market |
| 7:35 | Build | Mining Camp |
| 7:39 | Create | Villager (Male) |
| 7:39 | Create | Villager (Male) |
| 7:40 | Create | Villager (Male) |
| 7:40 | Create | Villager (Male) |
| 7:41 | Create | Villager (Male) |
| 7:41 | Create | Villager (Male) |
| 7:42 | Create | Villager (Male) |
| 7:42 | Create | Villager (Male) |
| 7:42 | Create | Villager (Male) |
| 7:43 | Create | Villager (Male) |
| 7:43 | Create | Villager (Male) |
| 7:43 | Create | Villager (Male) |
| 7:53 | Build | Mining Camp |
| 10:06 | Create | Trade Cart |
| 10:06 | Create | Trade Cart |
| 10:06 | Create | Trade Cart |
| 10:07 | Create | Trade Cart |
| 10:07 | Create | Trade Cart |
| 10:07 | Create | Trade Cart |
| 10:07 | Create | Trade Cart |
| 10:07 | Create | Trade Cart |
| 10:08 | Create | Trade Cart |
| 10:08 | Create | Trade Cart |
| 10:09 | Create | Trade Cart |
| 10:09 | Create | Trade Cart |
| 10:09 | Create | Trade Cart |
| 10:10 | Create | Trade Cart |
| 10:10 | Create | Trade Cart |
| 10:10 | Create | Trade Cart |
| 10:10 | Create | Trade Cart |
| 12:11 | Build | Mining Camp |
| 12:58 | Build | Mining Camp |
| 13:13 | Create | Villager (Male) |
| 13:13 | Create | Villager (Male) |
| 13:14 | Create | Villager (Male) |
| 13:14 | Create | Villager (Male) |
| 13:14 | Create | Villager (Male) |
| 13:15 | Create | Villager (Male) |
| 13:15 | Create | Villager (Male) |
| 13:16 | Create | Villager (Male) |
| 13:16 | Create | Villager (Male) |
| 13:16 | Create | Villager (Male) |
| 13:17 | Create | Villager (Male) |
| 13:17 | Create | Villager (Male) |
| 13:17 | Create | Villager (Male) |
| 13:17 | Create | Villager (Male) |
| 13:17 | Create | Villager (Male) |
| 13:18 | Create | Villager (Male) |
Build order — doubleblackeye
First 150 of 840 actions detected
| 0:05 | Create | Villager (Male) |
| 0:05 | Create | Villager (Male) |
| 0:06 | Create | Villager (Male) |
| 0:06 | Create | Villager (Male) |
| 0:06 | Create | Villager (Male) |
| 0:07 | Create | Villager (Male) |
| 0:07 | Create | Villager (Male) |
| 0:07 | Create | Villager (Male) |
| 0:08 | Create | Villager (Male) |
| 0:08 | Create | Villager (Male) |
| 0:22 | Build | Market |
| 0:29 | Build | Market |
| 0:36 | Build | Market |
| 0:43 | Build | Market |
| 1:00 | Build | Market |
| 1:08 | Build | House |
| 1:14 | Build | House |
| 1:19 | Build | House |
| 1:24 | Build | House |
| 1:28 | Build | House |
| 1:34 | Build | House |
| 1:41 | Build | House |
| 1:45 | Build | House |
| 1:54 | Build | House |
| 1:58 | Build | House |
| 2:05 | Build | House |
| 2:15 | Build | Town Center |
| 2:20 | Create | Villager (Male) |
| 2:21 | Create | Villager (Male) |
| 2:21 | Create | Villager (Male) |
| 2:21 | Create | Villager (Male) |
| 2:22 | Create | Villager (Male) |
| 2:22 | Create | Villager (Male) |
| 2:22 | Create | Villager (Male) |
| 2:23 | Create | Villager (Male) |
| 2:23 | Create | Villager (Male) |
| 2:33 | Build | House |
| 2:39 | Build | House |
| 3:06 | Build | House |
| 3:20 | Create | Trade Cart |
| 3:21 | Create | Trade Cart |
| 3:21 | Create | Trade Cart |
| 3:21 | Create | Trade Cart |
| 3:21 | Create | Trade Cart |
| 3:22 | Create | Trade Cart |
| 3:22 | Create | Trade Cart |
| 3:22 | Create | Trade Cart |
| 3:23 | Create | Trade Cart |
| 3:23 | Create | Trade Cart |
| 3:23 | Create | Trade Cart |
| 3:24 | Create | Trade Cart |
| 3:24 | Create | Trade Cart |
| 3:24 | Create | Trade Cart |
| 3:24 | Create | Trade Cart |
| 3:25 | Create | Trade Cart |
| 3:25 | Create | Trade Cart |
| 3:25 | Create | Trade Cart |
| 3:26 | Create | Trade Cart |
| 3:26 | Create | Trade Cart |
| 3:27 | Create | Trade Cart |
| 3:27 | Create | Trade Cart |
| 3:27 | Create | Trade Cart |
| 3:27 | Create | Trade Cart |
| 3:28 | Create | Trade Cart |
| 3:28 | Create | Trade Cart |
| 3:28 | Create | Trade Cart |
| 3:29 | Create | Trade Cart |
| 3:29 | Create | Trade Cart |
| 3:29 | Create | Trade Cart |
| 3:30 | Create | Trade Cart |
| 3:30 | Create | Trade Cart |
| 3:31 | Create | Trade Cart |
| 3:31 | Create | Trade Cart |
| 3:31 | Create | Trade Cart |
| 3:31 | Create | Trade Cart |
| 3:32 | Create | Trade Cart |
| 3:32 | Create | Trade Cart |
| 3:32 | Create | Trade Cart |
| 3:33 | Create | Trade Cart |
| 3:33 | Create | Trade Cart |
| 3:33 | Create | Trade Cart |
| 3:34 | Create | Trade Cart |
| 3:34 | Create | Trade Cart |
| 3:34 | Create | Trade Cart |
| 3:35 | Create | Trade Cart |
| 3:35 | Create | Trade Cart |
| 3:35 | Create | Trade Cart |
| 3:36 | Create | Trade Cart |
| 3:36 | Create | Trade Cart |
| 3:36 | Create | Trade Cart |
| 3:37 | Create | Trade Cart |
| 3:37 | Create | Trade Cart |
| 3:37 | Create | Trade Cart |
| 3:38 | Create | Trade Cart |
| 3:38 | Create | Trade Cart |
| 3:38 | Create | Trade Cart |
| 3:39 | Create | Trade Cart |
| 3:39 | Create | Trade Cart |
| 3:39 | Create | Trade Cart |
| 3:40 | Create | Trade Cart |
| 3:40 | Create | Trade Cart |
| 3:40 | Create | Trade Cart |
| 3:41 | Create | Trade Cart |
| 3:41 | Create | Trade Cart |
| 3:41 | Create | Trade Cart |
| 3:42 | Create | Trade Cart |
| 3:42 | Create | Trade Cart |
| 3:43 | Create | Trade Cart |
| 3:43 | Create | Trade Cart |
| 3:43 | Create | Trade Cart |
| 3:43 | Create | Trade Cart |
| 3:44 | Create | Trade Cart |
| 3:44 | Create | Trade Cart |
| 3:44 | Create | Trade Cart |
| 3:45 | Create | Trade Cart |
| 3:45 | Create | Trade Cart |
| 3:49 | Create | Trade Cart |
| 4:00 | Create | Villager (Male) |
| 4:01 | Create | Villager (Male) |
| 4:01 | Create | Villager (Male) |
| 4:01 | Create | Villager (Male) |
| 4:02 | Create | Villager (Male) |
| 4:02 | Create | Villager (Male) |
| 4:02 | Create | Villager (Male) |
| 4:02 | Create | Villager (Male) |
| 4:03 | Create | Villager (Male) |
| 4:03 | Create | Villager (Male) |
| 4:03 | Create | Villager (Male) |
| 4:04 | Create | Villager (Male) |
| 4:04 | Create | Villager (Male) |
| 4:04 | Create | Villager (Male) |
| 4:05 | Create | Villager (Male) |
| 4:13 | Build | House |
| 4:18 | Build | House |
| 4:24 | Build | House |
| 4:29 | Build | House |
| 4:33 | Build | House |
| 4:37 | Build | House |
| 4:59 | Build | Town Center |
| 5:08 | Create | Villager (Male) |
| 5:08 | Create | Villager (Male) |
| 5:08 | Create | Villager (Male) |
| 5:09 | Create | Villager (Male) |
| 5:09 | Create | Villager (Male) |
| 5:10 | Create | Villager (Male) |
| 5:21 | Build | Town Center |
| 5:41 | Build | House |
| 5:45 | Build | House |
| 5:50 | Build | House |
| 5:55 | Build | House |
Build order — miodixmios
First 150 of 460 actions detected
| 0:04 | Create | Villager (Male) |
| 0:05 | Create | Villager (Male) |
| 0:05 | Create | Villager (Male) |
| 0:05 | Create | Villager (Male) |
| 0:20 | Build | Market |
| 0:25 | Create | Villager (Male) |
| 0:25 | Create | Villager (Male) |
| 0:26 | Create | Villager (Male) |
| 0:26 | Create | Villager (Male) |
| 0:27 | Create | Villager (Male) |
| 0:32 | Build | House |
| 0:33 | Build | House |
| 0:34 | Build | House |
| 0:36 | Build | House |
| 0:38 | Build | House |
| 0:54 | Build | House |
| 0:55 | Build | House |
| 0:56 | Build | House |
| 0:58 | Build | House |
| 1:08 | Build | Town Center |
| 1:13 | Create | Villager (Male) |
| 1:14 | Create | Villager (Male) |
| 1:14 | Create | Villager (Male) |
| 1:15 | Create | Villager (Male) |
| 1:15 | Create | Villager (Male) |
| 1:17 | Create | Villager (Male) |
| 1:24 | Build | Mining Camp |
| 1:32 | Build | Mining Camp |
| 1:37 | Create | Trade Cart |
| 1:37 | Create | Trade Cart |
| 1:42 | Build | Market |
| 1:43 | Create | Trade Cart |
| 1:44 | Create | Trade Cart |
| 1:44 | Create | Trade Cart |
| 1:57 | Build | House |
| 1:58 | Build | House |
| 1:59 | Build | House |
| 2:01 | Build | House |
| 2:15 | Build | Market |
| 2:16 | Create | Trade Cart |
| 2:17 | Create | Trade Cart |
| 2:17 | Create | Trade Cart |
| 2:18 | Create | Trade Cart |
| 2:18 | Create | Trade Cart |
| 2:19 | Create | Trade Cart |
| 2:19 | Create | Trade Cart |
| 2:20 | Create | Trade Cart |
| 2:20 | Create | Trade Cart |
| 2:25 | Create | Villager (Male) |
| 2:25 | Create | Villager (Male) |
| 2:26 | Create | Villager (Male) |
| 2:26 | Create | Villager (Male) |
| 2:33 | Create | Villager (Male) |
| 2:34 | Create | Villager (Male) |
| 2:34 | Create | Villager (Male) |
| 2:34 | Create | Villager (Male) |
| 2:35 | Create | Villager (Male) |
| 2:42 | Build | Mining Camp |
| 2:45 | Create | Villager (Male) |
| 2:45 | Create | Villager (Male) |
| 2:46 | Create | Villager (Male) |
| 2:46 | Create | Villager (Male) |
| 2:47 | Create | Villager (Male) |
| 2:47 | Create | Villager (Male) |
| 2:47 | Create | Villager (Male) |
| 2:48 | Create | Villager (Male) |
| 2:56 | Build | Market |
| 2:59 | Create | Trade Cart |
| 3:00 | Create | Trade Cart |
| 3:00 | Create | Trade Cart |
| 3:00 | Create | Trade Cart ×5 |
| 3:01 | Create | Trade Cart ×5 |
| 3:01 | Create | Trade Cart ×2 |
| 3:08 | Build | House |
| 3:09 | Build | House |
| 3:10 | Build | House |
| 3:13 | Create | Trade Cart ×5 |
| 3:13 | Create | Trade Cart ×5 |
| 3:16 | Create | Trade Cart ×5 |
| 3:16 | Create | Trade Cart ×5 |
| 3:17 | Create | Trade Cart ×5 |
| 3:28 | Build | House |
| 3:29 | Build | House |
| 3:30 | Build | House |
| 3:31 | Create | Trade Cart |
| 3:32 | Create | Trade Cart ×5 |
| 3:32 | Create | Trade Cart ×5 |
| 3:32 | Create | Trade Cart ×5 |
| 3:45 | Build | Town Center |
| 3:47 | Create | Villager (Male) |
| 3:47 | Create | Villager (Male) |
| 3:47 | Create | Villager (Male) |
| 3:48 | Create | Villager (Male) |
| 3:48 | Create | Villager (Male) |
| 3:49 | Create | Villager (Male) |
| 3:56 | Create | Villager (Male) |
| 3:57 | Create | Villager (Male) |
| 3:57 | Create | Villager (Male) |
| 3:58 | Create | Villager (Male) |
| 3:58 | Create | Villager (Male) |
| 4:14 | Create | Villager (Male) |
| 4:15 | Create | Villager (Male) |
| 4:30 | Build | House |
| 4:32 | Build | House |
| 4:51 | Build | Town Center |
| 4:54 | Create | Villager (Male) |
| 4:54 | Create | Villager (Male) |
| 4:55 | Create | Villager (Male) |
| 4:55 | Create | Villager (Male) |
| 4:55 | Create | Villager (Male) |
| 4:56 | Create | Villager (Male) |
| 4:56 | Create | Villager (Male) |
| 4:57 | Create | Villager (Male) |
| 4:57 | Create | Villager (Male) |
| 4:58 | Create | Villager (Male) ×5 |
| 4:58 | Create | Villager (Male) ×5 |
| 4:58 | Create | Villager (Male) |
| 5:00 | Create | Villager (Male) |
| 5:14 | Build | Town Center |
| 5:21 | Create | Trade Cart ×4 |
| 5:21 | Create | Trade Cart ×4 |
| 5:23 | Create | Trade Cart ×4 |
| 5:27 | Create | Trade Cart ×5 |
| 5:27 | Create | Trade Cart ×5 |
| 5:29 | Create | Trade Cart ×4 |
| 5:30 | Create | Trade Cart ×4 |
| 5:31 | Create | Trade Cart |
| 5:32 | Create | Trade Cart |
| 5:48 | Build | Siege Workshop |
| 5:51 | Build | Siege Workshop |
| 5:53 | Build | Siege Workshop |
| 5:54 | Build | Siege Workshop |
| 5:57 | Build | Siege Workshop |
| 5:58 | Build | Siege Workshop |
| 6:07 | Create | Villager (Male) |
| 6:07 | Create | Villager (Male) ×5 |
| 6:08 | Create | Villager (Male) ×5 |
| 6:08 | Create | Villager (Male) ×5 |
| 6:08 | Create | Villager (Male) ×4 |
| 6:17 | Build | Mining Camp |
| 6:22 | Build | Castle |
| 6:28 | Create | Mangonel ×5 |
| 6:28 | Create | Mangonel ×5 |
| 6:29 | Create | Mangonel ×5 |
| 6:29 | Create | Mangonel ×5 |
| 6:55 | Create | Villager (Male) ×5 |
| 6:56 | Create | Villager (Male) ×5 |
| 7:02 | Build | Mining Camp |
| 7:10 | Create | Scorpion ×5 |
| 7:10 | Create | Scorpion ×5 |
Match timeline
| 0:40 | G00NRYDER · wall_segment Stone Wall x40 |
| 0:44 | SisKoe01 · wall_segment Stone Wall x60 |
| 1:11 | leoribeiro050310 · first_building Monastery |
| 2:53 | G00NRYDER · first_building Castle |
| 3:09 | FROSTB|TE · wall_segment Stone Wall x26 |
| 4:49 | SisKoe01 · first_building Castle |
| 5:48 | miodixmios · first_building Siege Workshop |
| 6:06 | FROSTB|TE · first_building Castle |
| 6:22 | miodixmios · first_building Castle |
| 7:14 | doubleblackeye · first_building Castle |
| 7:20 | doubleblackeye · first_building Siege Workshop |
| 9:11 | FROSTB|TE · wall_segment Stone Wall x7 |
| 9:49 | G00NRYDER · first_building Siege Workshop |
| 10:37 | G00NRYDER · first_building Archery Range |
| 11:36 | SisKoe01 · first_building Siege Workshop |
| 14:16 | SisKoe01 · first_building Archery Range |
| 14:18 | FROSTB|TE · first_building Stable |
| 14:52 | leoribeiro050310 · first_building Castle |
| 15:23 | SisKoe01 · wall_segment Stone Wall x29 |
| 17:20 | FROSTB|TE · first_building Siege Workshop |
| 25:55 | FROSTB|TE · wall_segment Stone Wall x29 |
| 28:55 | FROSTB|TE · first_building Barracks |
| 30:24 | leoribeiro050310 · first_building Stable |
| 32:28 | leoribeiro050310 · first_building Siege Workshop |
| 35:24 | G00NRYDER · first_building Barracks |
| 37:53 | doubleblackeye · first_market_buy 100 stone |
| 39:14 | G00NRYDER · first_market_sell 500 wood |
| 44:05 | SisKoe01 · first_building Barracks |
| 45:01 | leoribeiro050310 · resign |
| 45:55 | FROSTB|TE · first_building Archery Range |
| 47:45 | doubleblackeye · first_building Stable |
| 48:28 | doubleblackeye · first_building Monastery |
[ AI ANALYSIS · 1 CREDIT ]
What really happened in this match?
Wolo.gg analyzes every decision: build order, eco, micro, common mistakes by bracket. Personalized analysis on WhatsApp or Discord in 30 seconds.
Civ guide
Persians
Perfil
Jugador #2136704